 Dungeon Crawl Stone Soup version 0.31-a0-175-g9f7f995f2b (webtiles) character file.

Game seed: 10467732050780298562

272 qw the Shooter (level 6, -1/38 HPs)
             Began as a Gargoyle Hunter on June 17, 2023.
             Slain by an ogre
             ... wielding a +0 giant club
              (18 damage)
             ... on level 4 of the Dungeon.
             The game lasted 00:01:08 (2804 turns).

qw the Shooter (Gargoyle Hunter)                    Turns: 2804, Time: 00:01:09

Health: -1/38      AC: 10    Str: 15    XL:     6   Next: 23%
Magic:  6/6        EV: 16    Int:  9    God:
Gold:   179        SH:  0    Dex: 21    Spells: 5/5 levels left

rFire   . . .        Y - +1 shortbow
rCold   . . .        (shield currently unavailable)
rNeg    + . .        l - +0 ring mail
rPois   inf          (no helmet)
rElec   +            a - +0 cloak
rCorr   .            (no gloves)
SInv    .            (no boots)
Will    .....        b - amulet of faith
Stlth   +            d - +6 ring of dexterity
HPRegen 0.26/turn    c - +5 ring of evasion
MPRegen 0.10/turn

%: faith
@: no status effects
A: sickness immunity, AC +4, negative energy resistance 1, electricity
resistance, torment resistance 1, petrification resistance
a: no special abilities


You were on level 4 of the Dungeon.
You visited 1 branch of the dungeon, and saw 4 of its levels.

You collected 197 gold pieces.
You spent 18 gold pieces at shops.


Innate Abilities, Weirdness & Mutations

You are immune to sickness and miasma.
Your stone body is resilient. (AC +4)
You are immune to poison.
You resist negative energy. (rN+)
You are resistant to electric shocks. (rElec)
You are resistant to unholy torment.
You are immune to petrification.


   Skills:
 - Level 4.0 Fighting
 + Level 6.2 Ranged Weapons
 - Level 1.0 Armour
 - Level 2.1 Dodging
 - Level 1.1 Stealth


You had 5 spell levels left.
You didn't know any spells.
Your spell library was empty.

Inventory:

Hand Weapons
 Y - a +1 shortbow (weapon)
Armour
 a - a +0 cloak (worn)
 l - a +0 ring mail (worn)
Jewellery
 b - an amulet of faith (around neck)
 c - a +5 ring of evasion (right hand)
 d - a +6 ring of dexterity (left hand)
 e - a ring of fire
Scrolls
 i - 3 scrolls of teleportation
 k - a scroll of vulnerability {unknown}
 q - a scroll of identify
Potions
 f - a potion of degeneration {unknown}
 g - a potion of enlightenment {unknown}
 h - 2 potions of curing {unknown}
 j - a potion of might
 m - a potion of attraction {unknown}
 n - 2 potions of magic {unknown}
 o - a potion of mutation {unknown}
 p - a potion of lignification {unknown}

Dungeon Overview and Level Annotations

Branches:
Dungeon (4/15)
 Temple: D:4-7

Altars:
Xom

Shops:
D:1 *   D:2 (   D:4 *

Annotations:
D:4 Robin


Message History

You hear a shout!
The jackal barely misses you.
Robin roars a battlecry!
The orc closely misses you. The iguana bites you.
A goblin comes into view. It is wielding a +0 club.
The jackal barely misses you.
You shoot an arrow. The arrow hits the iguana.
The iguana is almost dead.
The jackal misses you. Robin throws the goblin at you!
The iguana bites you but does no damage.
The orc closely misses you. The goblin hits you but does no damage.
You shoot an arrow. The arrow closely misses the iguana.
You hear a shout!
The jackal bites you but does no damage.
The iguana bites you! The orc closely misses you.
The goblin completely misses you. The jackal misses you.
You shoot an arrow. The arrow hits the iguana.
The iguana is almost dead.
The jackal bites you but does no damage.
The iguana closely misses you. The orc misses you.
The goblin hits you but does no damage. The jackal completely misses you.
You shoot an arrow.
The arrow hits the iguana but does no damage.
The iguana is almost dead.
The iguana closely misses you. The orc hits you but does no damage.
The goblin closely misses you.
A goblin comes into view. It is wielding a +0 club.
The jackal closely misses you. The goblin hits you with a +0 club.
The orc misses you. The iguana barely misses you.
You shoot an arrow. The arrow hits the iguana.
You kill the iguana!
The jackal bites you but does no damage.
The jackal barely misses you. The orc hits you but does no damage.
The goblin hits you with a +0 club.
You shoot an arrow. The arrow hits the ogre.
The ogre is lightly wounded.
The jackal bites you but does no damage.
The orc barely misses you.
The ogre hits you with a +0 giant club!!
You die...

#.# #.# gg #.#####.#####.#.S
####.##...#.......g#
#.##.##)##.#.###..)# #.
...#.##.##.#.# ..###.)#
.....##.##.#.# #g...#
........##.#.# ##g.#.#
#..#.#####.#.####hg...#
...#.# #.....g@og###...
.#.#.### ###.####O.## .#
.#.#...# #........##...#
.#.###.# ########........
.#.###.# #.........######
.....#.# #.######..#
.###.#.####.######..###.## .#
#...................#.#
.###.#.###..######..###.#####


You could see an ogre, Robin, an orc, a jackal and 4 goblins.

Vanquished Creatures
  A hound (D:4)
  An orc priest (D:3)
  An iguana (D:4)
  An orc wizard (D:3)
  3 gnolls
  4 adders
  An ufetubus (D:4)
  A worm (D:3)
  A dart slug (D:1)
  10 orcs (D:3)
  6 endoplasms
  3 giant cockroaches
  15 goblins
  6 hobgoblins
  2 jackals (D:3)
  A quokka (D:4)
  4 ball pythons
  5 bats
  6 frilled lizards
  6 kobolds
  2 rats (D:1)
80 creatures vanquished.

Notes
Turn   | Place    | Note
-------+----------+-------------------------------------------
     0 | D:1      | qw the Gargoyle Hunter began the quest for the Orb.
     0 | D:1      | Reached XP level 1. HP: 12/12 MP: 1/1
     0 | D:1      | 0 ||| qw: Version: 0.3-a-2-g5ab2908
     0 | D:1      | 0 ||| qw: Game counter: 258
     0 | D:1      | 0 ||| qw: Always use a shield: true
     0 | D:1      | 0 ||| qw: God list: Okawaru
     0 | D:1      | 0 ||| qw: Allow faded altars: false
     0 | D:1      | 0 ||| qw: Do Orc after D:15 true
     0 | D:1      | 0 ||| qw: Do second Lair branch before Depths: true
     0 | D:1      | 0 ||| qw: Lair rune preference: random
     0 | D:1      | 0 ||| qw: Plans: Normal, Zot:1-4, Slime:5, God:TSO, Crypt,
                  | Tomb, Abyss, Pan, Hells, Win
     0 | D:1      | 0 ||| PLANNING D:1-11
    78 | D:1      | Reached XP level 2. HP: 17/17 MP: 2/2
   284 | D:1      | Found Zepemal's Assorted Antiques.
   294 | D:1      | 294 ||| BUYING scroll labelled TEXZEOHUN (18 gold).
   294 | D:1      | Bought a scroll labelled TEXZEOHUN for 18 gold pieces
   294 | D:1      | 294 ||| SHOPLISTING shiny ring mail (126 gold, have 5).
   643 | D:1      | 643 ||| UPGRADING to +0 ring mail.
   653 | D:1      | 653 ||| DROPPING +0 leather armour.
   654 | D:1      | 654 ||| UPGRADING to +6 ring of dexterity.
   655 | D:1      | 655 ||| READING scroll labelled EMEOR YFEYQADGH.
   656 | D:1      | 656 ||| READING scroll labelled TEXZEOHUN.
   657 | D:1      | 657 ||| READING 2 scrolls labelled HISUUCZ REOCANK.
   662 | D:1      | 662 ||| READING scroll labelled IZXITWEMAT.
   663 | D:1      | 663 ||| DROPPING scroll of butterflies.
   765 | D:2      | Reached XP level 3. HP: 21/21 MP: 3/3
   798 | D:2      | Reached skill level 1 in Armour
   958 | D:2      | 958 ||| FLEEEEING.
   959 | D:2      | 959 ||| STAIRDANCE
   984 | D:1      | 984 ||| UPGRADING to +0 cloak.
   989 | D:1      | 989 ||| UPGRADING to amulet of faith.
  1290 | D:2      | Found Kafam's Weapon Boutique.
  1294 | D:2      | 1294 ||| SHOPLISTING +5 orcbow of flaming (333 gold, have
                  | 87).
  1376 | D:2      | Reached skill level 5 in Ranged Weapons
  1544 | D:2      | 1544 ||| UPGRADING to +5 ring of evasion.
  1625 | D:3      | 1625 ||| STAIRDANCE
  1674 | D:3      | 1674 ||| STAIRDANCE
  1708 | D:3      | Reached skill level 3 in Fighting
  1708 | D:3      | Reached XP level 4. HP: 28/28 MP: 4/4
  1780 | D:3      | Found a shimmering altar of Xom.
  2137 | D:3      | Reached XP level 5. HP: 32/32 MP: 5/5
  2148 | D:3      | 2148 ||| READING scroll labelled MYEGEP VYAB.
  2149 | D:3      | 2149 ||| READING scroll labelled QEAVUD INOSO.
  2243 | D:3      | 2243 ||| READING 2 scrolls labelled QEDENA DENEI.
  2244 | D:3      | 2244 ||| READING scroll labelled VOBBIU BOUCU.
  2345 | D:3      | 2345 ||| DRINKING 2 pink potions.
  2346 | D:3      | 2346 ||| DROPPING scroll of immolation.
  2377 | D:4      | Reached skill level 6 in Ranged Weapons
  2379 | D:4      | 2379 ||| STAIRDANCE
  2381 | D:4      | 2381 ||| STAIRDANCE
  2383 | D:4      | 2383 ||| STAIRDANCE
  2392 | D:3      | HP: 8/32 [something (2)]
  2393 | D:3      | 2393 ||| READING 4 scrolls of teleportation.
  2397 | D:3      | 2397 ||| READING 3 scrolls of teleportation.
  2543 | D:4      | Found Peqaelu's General Store.
  2668 | D:4      | Reached XP level 6. HP: 38/38 MP: 6/6
  2790 | D:4      | 2790 ||| Stepping ~*~*~tactically~*~*~ (outnumbered).
  2797 | D:4      | Noticed Robin
  2804 | D:4      | Slain by an ogre

Levels and vault maps discovered:
D:1:      evilmike_arrival_home_sweet_home, layout_loops_ring, serial_shops,
          nicolae_shop_gibbet_a_chance
D:2:      layout_loops_ring, serial_shops, nicolae_shop_back_alley_shop,
          dreamdust_princess_bridge, hangedman_decor_push, serial_bayou_pond_d,
          lemuel_flame_loot_1
D:3:      layout_loops_ring, xom_teletrap_fun, minmay_surrounded
D:4:      layout_loops_ring, serial_shops, nicolae_shop_peninsula,
          minmay_starry_boxes, uniq_robin, uniq_menkaure

Skill      XL: |  1  2  3  4  5  6 |
---------------+-------------------+-----
Armour         | 1 |  1.0
Ranged Weapons | 5 6 |  6.2
Fighting       | 3 4 |  4.0
Dodging        | 2 |  2.1
Stealth        | |  1.1

Action                     |  1- 3 |  4- 6 || total
---------------------------+-------+-------++-------
   Fire: Shortbow          |   106 |   107 ||   213
    Use: Scroll            |     4 |     6 ||    10
         Potion            |       |     1 ||     1
 Armour: Leather armour    |     6 |       ||     6
         Ring mail         |     3 |    42 ||    45
  Dodge: Dodged            |    15 |    93 ||   108

Table legend:
 A = Non-vault XP
 B = Vault XP
 C = Vault XP percentage of total XP
 D = Non-vault monster count
 E = Vault monster count
 F = Vault count percentage of total count
                 A         B        C        D         E       F
            +---------+---------+-------+---------+---------+-------
      Total |     328 |      61 |  15.7 |      66 |      14 |  17.5
            +---------+---------+-------+---------+---------+-------
        D:1 |      28 |       0 |   0.0 |      17 |       0 |   0.0
        D:2 |      53 |       0 |   0.0 |      17 |       0 |   0.0
        D:3 |     180 |       6 |   3.2 |      27 |       3 |  10.0
        D:4 |      67 |      55 |  45.1 |       5 |      11 |  68.8
            +---------+---------+-------+---------+---------+-------
